 Dungeon Crawl Stone Soup version 0.30-a0-897-ga2f19c967e (webtiles) character file.

Game seed: 11637951188010141755

0 gonzo the Grave Robber (level 1, 0/13 HPs)
             Began as a Human Necromancer on Mar 18, 2023.
             Slain by a frilled lizard (1 damage)
             ... on level 1 of the Dungeon.
             The game lasted 00:01:22 (42 turns).

gonzo the Grave Robber (Human Necromancer)            Turns: 42, Time: 00:01:22

Health: 0/13       AC:  2    Str:  8    XL:     1   Next: 0%
Magic:  3/3        EV: 12    Int: 15    God:
Gold:   0          SH:  0    Dex: 13    Spells: 3/4 levels left

rFire   . . .      SeeInvis .    (no weapon)
rCold   . . .      Faith    .    (no shield)
rNeg    . . .      Spirit   .    a - +0 robe
rPois   .          Reflect  .    (no helmet)
rElec   .          Rampage  .    (no cloak)
rCorr   .                        (no gloves)
Will    .....                    (no boots)
Stlth   ++                       (no amulet)
HPRegen 0.22/turn                (no ring)
MPRegen 0.08/turn                (no ring)

@: no status effects
A: no striking features
a: no special abilities


You were on level 1 of the Dungeon.
You visited 1 branch of the dungeon, and saw 1 of its levels.

Inventory:

Armour
 a - a +0 robe (worn)
Scrolls
 c - 2 scrolls of noise {unknown}
 d - a scroll of enchant weapon {unknown}
Potions
 b - a potion of magic


   Skills:
 + Level 2.0 Dodging
 + Level 2.0 Stealth
 + Level 2.0 Spellcasting
 + Level 4.0 Necromancy


You had 3 spell levels left.
You knew the following spells:

 Your Spells              Type           Power      Damage    Failure   Level
a - Necrotise             Necr           52%        1d6       4%          1

Your spell library contained the following spells:

 Spells                   Type           Power      Damage    Failure   Level
 Vampiric Draining        Necr           13%        2d6       13%         3
 Shock                    Conj/Air       4%         1d3       22%         1
 Swiftness                Air            1%         N/A       54%         3
 Animate Dead             Necr           13%        N/A       38%         4
 Agony                    Necr           13%        N/A       75%         5
 Airstrike                Air            0%         2d(1-17)  91%         4


Dungeon Overview and Level Annotations

Branches:
Dungeon (1/15)

Altars:


Message History

The giant cockroach bites you.
You completely miss the giant cockroach.
The giant cockroach barely misses you.
You hit the giant cockroach but do no damage.
The giant cockroach bites you but does no damage. x2
You hit the giant cockroach but do no damage.
The giant cockroach bites you.
You barely miss the giant cockroach. The giant cockroach bites you.
You closely miss the frilled lizard. The giant cockroach bites you.
The frilled lizard bites you but does no damage.
You barely miss the frilled lizard. The giant cockroach bites you.
The frilled lizard bites you but does no damage.
You barely miss the giant cockroach. The giant cockroach bites you.
The frilled lizard bites you.
The giant cockroach bites you but does no damage.
You hit the frilled lizard.
The frilled lizard is heavily wounded.
The giant cockroach waves its antennae.
The giant cockroach closely misses you. The frilled lizard barely misses you.
You closely miss the giant cockroach.
The giant cockroach completely misses you.
The frilled lizard barely misses you.
You closely miss the frilled lizard. The giant cockroach bites you.
The frilled lizard bites you.
You closely miss the giant cockroach.
The giant cockroach completely misses you.
The frilled lizard bites you but does no damage.
You hit the giant cockroach but do no damage.
You punch the giant cockroach, but do no damage.
The giant cockroach bites you but does no damage.
The giant cockroach misses you.
You hit the frilled lizard but do no damage.
The giant cockroach misses you. The frilled lizard bites you.
* * * LOW HITPOINT WARNING * * *
The frilled lizard bites you.
* * * LOW HITPOINT WARNING * * *
You closely miss the frilled lizard.
The giant cockroach completely misses you.
The frilled lizard bites you.
You die...

..PP♣P...P.P......#
..PP♣P....P.PP..#.#
...........<.♣P.#...
.#....P...PP.♣P.# ..
##......P♣PPPP.# #
+..#....PP♣♣...#
#.###...PP.PP..# #.
##.lB.♣....# #
##l@.PP....
##..P..###.
#....#... #..### ##
#... #.##. #.. .#
### #


You could see a giant cockroach and 2 frilled lizards.

Vanquished Creatures (others)
  A fungus (D:1)
  A plant (D:1)
2 creatures vanquished.

Notes
Turn   | Place    | Note
-------+----------+-------------------------------------------
     0 | D:1      | gonzo the Human Necromancer began the quest for the Orb.
     0 | D:1      | Reached XP level 1. HP: 13/13 MP: 3/3
    42 | D:1      | Slain by a frilled lizard

Illustrated notes

Levels and vault maps discovered:
D:1:      spicycebolla_arrival_clurvy, layout_basic

Action                     || total
---------------------------++-------
  Melee: Unarmed           ||    14
         Punch             ||     1
 Armour: Robe              ||     7
  Dodge: Dodged            ||    10

Table legend: (Time is in decaauts)
 A = Elapsed time spent in this place.
 B = Non-inter-level travel time spent in this place.
 C = Inter-level travel time spent in this place.
 D = Time resting spent in this place.
 E = Time spent auto-exploring this place.
 F = Levels seen in this place.
 G = Mean time per level.
                   A        B        C        D        E       F      G
               +--------+--------+--------+--------+--------+-----+--------+
         Total |     42 |     42 |      0 |      0 |      0 |   1 |   42.0 |
       Dungeon |     42 |     42 |      0 |      0 |      0 |   1 |   42.0 |
               +--------+--------+--------+--------+--------+-----+--------+

Top non-repeatable levels by time:
     D:1: 42 daAuts
